 Dungeon Crawl Stone Soup version 0.23.2-30-g0e89c35649 (webtiles) character file.

Game seed: 11159083631116942387

13095 CheeseeCupcake the Blocker (level 11, -33/94 HPs)
             Began as a Minotaur Fighter on June 10, 2019.
             Was a High Priest of Okawaru.
             Hit by a large rock thrown by a stone giant (39 damage)
             ... on level 2 of the Orcish Mines.
             The game lasted 01:03:41 (15232 turns).

CheeseeCupcake the Blocker (Minotaur Fighter)      Turns: 15232, Time: 01:03:51

Health: -33/94     AC:  6    Str: 25    XL:     11   Next: 71%
Magic:  12/12      EV: 10    Int:  5    God:    Okawaru [*****.]
Gold:   1271       SH: 14    Dex:  9    Spells: 10/10 levels left

rFire    . . .     SeeInvis +   a - +2 trident (venom)
rCold    . . .     Gourm    .   c - +1 shield
rNeg     . . .     Faith    .   u - +2 leather armour {MR+}
rPois    .         Spirit   .   (helmet restricted)
rElec    .         Reflect  .   (no cloak)
rCorr    .         Harm     +   A - +0 pair of gloves of the Forest {+Fly}
MR       +....                  (no boots)
Stlth    +.........             v - amulet of harm
HPRegen  0.25/turn              e - ring of see invisible
MPRegen  0.13/turn              (no ring)

@: about to teleport
A: retaliatory headbutt, horns 2
a: Heroism, Finesse, Renounce Religion, Evoke Flight


You were on level 2 of the Orcish Mines.
You worshipped Okawaru.
Okawaru was extremely pleased with you.
You were not hungry.

You visited 4 branches of the dungeon, and saw 16 of its levels.

You collected 1271 gold pieces.

Inventory:

Hand Weapons
 a - a +2 trident of venom (weapon)
 b - a +0 war axe of draining
Missiles
 o - 279 stones (quivered)
Armour
 c - a +1 shield (worn)
 u - a +2 leather armour of magic resistance (worn)
 w - a +0 scale mail
 y - a +0 ring mail of poison resistance
 A - the +0 pair of gloves of the Forest (worn) {+Fly}
   (You found it on level 6 of the Dungeon)

   It lets you fly.
Jewellery
 e - a ring of see invisible (left hand)
 v - an amulet of harm (around neck)
Wands
 x - a wand of flame (43)
 D - a wand of disintegration (21)
 F - a wand of polymorph (9)
 I - a wand of acid (5)
Scrolls
 g - 2 scrolls of enchant armour
 h - 4 scrolls of identify
 j - 2 scrolls of enchant weapon
 k - 2 scrolls of fear
 n - a scroll of amnesia {unknown}
 q - 4 scrolls of teleportation
 s - a scroll of fog
 C - 3 scrolls of remove curse
 G - 3 scrolls of blinking {unknown}
Potions
 d - 3 potions of might
 i - 2 potions of curing
 l - a potion of brilliance
 m - a potion of ambrosia {unknown}
 p - 3 potions of flight
 r - 2 potions of haste
 t - a potion of magic {unknown}
 z - a potion of lignification {unknown}
 E - 2 potions of mutation {unknown}
Comestibles
 f - 16 rations
 B - 3 chunks of flesh


   Skills:
 + Level 8.2 Fighting
 + Level 10.2(12.7) Axes
 * Level 12.4(13.7) Polearms
 - Level 3.6 Armour
 - Level 0.7 Stealth
 * Level 13.2 Shields
 * Level 3.5 Invocations


You had 10 spell levels left.
You didn't know any spells.
Your spell library contained the following spells:

 Spells                   Type           Power        Failure   Level  Hunger
 Animate Skeleton         Necr           N/A          58%         1    ##.....
 Apportation              Tloc           #.....       58%         1    ##.....
 Confusing Touch          Hex            #.....       58%         1    ##.....
 Corona                   Hex            #......      58%         1    ##.....
 Summon Small Mammal      Summ           #...         58%         1    ##.....
 Slow                     Hex            #.......     75%         2    ###....
 Inner Flame              Hex/Fire       #.......     92%         3    ####...
 Portal Projectile        Hex/Tloc       #.....       92%         3    ####...
 Cause Fear               Hex            #.........   100%        4    #####..
 Leda's Liquefaction      Hex/Erth       #.........   100%        4    #####..


Dungeon Overview and Level Annotations

Branches:
Dungeon (11/15)            Temple (1/1) D:5            Lair (2/6) D:8
    Orc (2/2) D:9
  Swamp: Lair:2-4    Shoals: Lair:2-4     Snake: Lair:2-4    Spider: Lair:2-4
    Elf: Orc:2

Altars:
Ashenzari
Cheibriados
Dithmenos
Elyvilon
Fedhas
Gozag
Hepliaklqana
Kikubaaqudgha
Makhleb
Nemelex Xobeh
Okawaru
Qazlal
Ru
Sif Muna
Trog
Uskayaw
Vehumet
Wu Jian
Xom
Yredelemnul
Zin
The Shining One
Beogh

Annotations:
D:6 1 runed translucent door, PentaManta's ghost, novice GrFi
D:9 3 runed translucent doors, u8823's ghost, novice DDBe


Innate Abilities, Weirdness & Mutations

You reflexively headbutt those who attack you in melee.
You have a pair of horns on your head.


Message History

You open the door.
The orc knight roars a battlecry!
The orc knight goes into a battle-frenzy!
There is an open door here.
The orc knight roars a battlecry!
The orc knight no longer looks unusually strong.
You open the door.
A stone giant comes into view.
The stone giant shouts!
The stone giant throws a large rock.
The large rock hits you!!!
Ouch! That really hurt!
* * * LOW HITPOINT WARNING * * *
You feel better. You block the orc knight's attack.
As you read the scroll of teleportation, it crumbles to dust.
You feel strangely unstable.
The orc sorcerer gestures wildly while chanting.
The ogre hits you with a +0 giant club!
* * * LOW HITPOINT WARNING * * *
The stone giant throws a large rock.
The large rock hits you!!
You die...

##...........#.#
#...........#o+
###.........##.#
#.###.......##'###
...##÷......##o..#
...#.).......#...#
....[).......#..h#
..#..[.....#.#.Oo#
...........###..@#
.........### ###'#
........♣# .C.
......♣..# #...#
...#....≈≈≈ #≈≈≈#
...##..≈≈≈≈ #≈≈≈#
... #♣.≈≈≈≈# #≈≈≈#
. ≈≈≈≈≈ #≈≈≈#


You could see a stone giant, 2 orc knights, a warg, an orc sorcerer and an ogre.

Vanquished Creatures
  3 two-headed ogres
  A cyclops (Orc:1)
  A centaur skeleton (D:10)
  4 trolls
  3 hippogriffs
  Edmund (D:6)
  2 wargs
  A porcupine (Lair:1)
  A water moccasin (D:7)
  18 orc warriors
  2 phantoms
  4 sky beasts
  An ice beast (D:10)
  10 ogres
  8 centaurs
  4 big kobolds (D:9)
  6 bullfrogs
  6 gnoll sergeants
  A wyvern skeleton (D:6)
  3 scorpions (D:8)
  15 killer bees
  12 wights
  4 crimson imps
  4 bullfrog zombies
  A quasit (D:9)
  14 hounds
  16 orc priests
  Crazy Yiuf (D:7)
  2 iguanas
  15 orc wizards
  7 worker ants
  A killer bee zombie (D:8)
  3 hound zombies
  A hound skeleton (D:9)
  A howler monkey zombie (D:7)
  Robin (D:4)
  A howler monkey skeleton (D:8)
  13 gnolls
  11 adders
  A shadow imp (D:9)
  2 adder skeletons
  3 worms
  2 dart slugs
  4 leopard geckos
  109 orcs
  A ball python (D:4)
  5 bats
  2 giant cockroaches
  16 goblins
  19 hobgoblins
  13 jackals
  6 kobolds
  4 quokkas
  3 frilled lizards
  A jackal zombie (D:7)
  A quokka zombie (D:7)
  4 rats
399 creatures vanquished.

Vanquished Creatures (others)
  A fungus (Lair:1)
1 creature vanquished.

Grand Total: 400 creatures vanquished

Notes
Turn   | Place    | Note
-------+----------+-------------------------------------------
     0 | D:1      | CheeseeCupcake the Minotaur Fighter began the quest for the
                  | Orb.
     0 | D:1      | Reached XP level 1. HP: 19/19 MP: 0/0
   563 | D:1      | Reached XP level 2. HP: 26/27 MP: 1/1
   636 | D:1      | Reached skill level 4 in Shields
  1045 | D:2      | Reached XP level 3. HP: 31/33 MP: 2/2
  1253 | D:2      | Reached XP level 4. HP: 36/40 MP: 3/3
  2272 | D:4      | Reached XP level 5. HP: 46/46 MP: 4/4
  2281 | D:4      | Reached skill level 5 in Axes
  2281 | D:4      | Reached skill level 5 in Shields
  2431 | D:4      | Noticed Robin
  2439 | D:4      | Killed Robin
  2679 | D:4      | Noticed an ogre
  2683 | D:4      | Killed an ogre
  2683 | D:4      | Reached XP level 6. HP: 34/52 MP: 5/5
  3235 | D:5      | Entered Level 5 of the Dungeon
  3618 | D:5      | Found a staircase to the Ecumenical Temple.
  3623 | Temple   | Entered the Ecumenical Temple
  3788 | Temple   | Became a worshipper of Warmaster Okawaru
  4098 | D:5      | Reached skill level 6 in Shields
  4098 | D:5      | Reached XP level 7. HP: 37/60 MP: 6/6
  4248 | D:6      | Noticed Edmund
  4427 | D:6      | Reached * piety under Okawaru
  4517 | D:6      | HP: 1/60 [wyvern skeleton (12)]
  4712 | D:6      | Reached skill level 5 in Fighting
  4712 | D:6      | Reached XP level 8. HP: 68/68 MP: 7/7
  4766 | D:6      | Reached skill level 7 in Shields
  4896 | D:6      | Found a deep blue altar of Sif Muna.
  4964 | D:6      | Reached ** piety under Okawaru
  5437 | D:6      | Reached skill level 10 in Axes
  5551 | D:6      | Found a runed translucent door.
  5571 | D:6      | Reached skill level 1 in Invocations
  5577 | D:6      | Reached skill level 1 in Polearms
  5710 | D:6      | Reached skill level 8 in Shields
  6314 | D:6      | Got a pair of faintly humming gloves
  6449 | D:6      | Killed Edmund
  6449 | D:6      | Reached XP level 9. HP: 75/75 MP: 9/9
  6900 | D:6      | Noticed PentaManta's ghost (novice GrFi)
  7094 | D:7      | Found a runed translucent door.
  7095 | D:7      | Noticed Crazy Yiuf
  7594 | D:7      | Reached skill level 5 in Polearms
  7594 | D:7      | Reached skill level 9 in Shields
  7626 | D:7      | Found a burning altar of Makhleb.
  7627 | D:7      | Found a shadowy altar of Dithmenos.
  7802 | D:7      | Killed Crazy Yiuf
  7850 | D:7      | Identified the +0 pair of gloves of the Forest {+Fly} (You
                  | found it on level 6 of the Dungeon)
  7878 | D:8      | Reached *** piety under Okawaru
  8150 | D:8      | Found a staircase to the Lair.
  8228 | D:8      | Found a glowing golden altar of the Shining One.
  8661 | D:7      | Reached **** piety under Okawaru
  8808 | D:8      | Reached skill level 10 in Shields
  8979 | D:8      | Found an ancient bone altar of Kikubaaqudgha.
  9121 | D:8      | Reached XP level 10. HP: 81/84 MP: 10/10
  9295 | Lair:1   | Entered Level 1 of the Lair of Beasts
  9449 | Lair:1   | Noticed a five-headed hydra
  9933 | D:10     | Entered Level 10 of the Dungeon
 10133 | D:9      | Reached skill level 10 in Polearms
 10493 | D:10     | Reached skill level 11 in Shields
 11224 | D:10     | Noticed a two-headed ogre
 11243 | D:10     | Killed a two-headed ogre
 11243 | D:10     | Reached ***** piety under Okawaru
 11279 | D:10     | Reached skill level 12 in Shields
 11909 | D:9      | Reached XP level 11. HP: 64/92 MP: 11/11
 12635 | D:9      | Found a runed translucent gate.
 12635 | D:9      | Found a runed translucent gate.
 12635 | D:9      | Found a runed translucent gate.
 12637 | D:9      | Noticed u8823's ghost (novice DDBe)
 12672 | D:9      | Found a staircase to the Orcish Mines.
 12942 | Orc:1    | Entered Level 1 of the Orcish Mines
 13075 | Orc:2    | Entered Level 2 of the Orcish Mines
 13505 | Orc:2    | Noticed a two-headed ogre
 13511 | Orc:2    | Killed a two-headed ogre
 14166 | Orc:1    | Reached skill level 13 in Shields
 14697 | Orc:2    | Noticed a two-headed ogre
 14712 | Orc:1    | Killed a two-headed ogre
 15142 | Orc:2    | Found a roughly hewn altar of Beogh.
 15199 | Orc:2    | Noticed an orc knight
 15199 | Orc:2    | Noticed an orc sorcerer
 15199 | Orc:2    | Noticed an orc knight
 15230 | Orc:2    | Noticed a stone giant
 15232 | Orc:2    | Hit by a large rock thrown by a stone giant

Skill      XL: |  1  2  3  4  5  6  7  8  9 10 11 |
---------------+----------------------------------+-----
Shields        | 4 5 6 8 10 12 13 | 13.2
Axes           | 3 4 5 7 9 10 | 10.2
Fighting       | 4 5 6 7 8 |  8.2
Invocations    | 2 3 |  3.5
Polearms       | 2 8 11 12 | 12.4
Armour         | |  3.6
Stealth        | |  0.7

Action                   |  1- 3 |  4- 6 |  7- 9 | 10-12 || total
-------------------------+-------+-------+-------+-------++-------
Melee: War axe           |    84 |   188 |   130 |    32 ||   434
       Headbutt          |    11 |    32 |    60 |    85 ||   188
       Trident           |       |       |   251 |   522 ||   773
  Use: Scroll            |       |     3 |     7 |     6 ||    16
       Potion            |       |     1 |     6 |     3 ||    10
  Eat: Chunk             |     1 |     8 |    14 |    20 ||    43
       Ration            |       |       |     1 |       ||     1
Armor: Scale mail        |    41 |    73 |    63 |    85 ||   262
       Leather armour    |       |       |       |    16 ||    16
Dodge: Dodged            |    40 |    49 |   103 |   135 ||   327
Block: Shield            |    49 |   110 |   196 |   315 ||   670
